 Dungeon Crawl Stone Soup version 0.24.0-13-gcf9b319 (webtiles) character file.

Game seed: 11889484759113554883, levelgen mode: deterministic

114 Bronimir the Stinger (level 4, -5/37 HPs)
             Began as a Naga Venom Mage on Mar 24, 2020.
             Killed from afar by Sigmund (11 damage)
             ... with a magic dart
             ... on level 2 of the Dungeon.
             The game lasted 00:07:44 (2062 turns).

Bronimir the Stinger (Naga Venom Mage)              Turns: 2062, Time: 00:07:44

Health: -5/37      AC:  3    Str: 10    XL:     4   Next: 98%
Magic:  1/7        EV:  9    Int: 17    God:
Gold:   45         SH:  3    Dex: 11    Spells: 4/7 levels left

rFire    . . .     SeeInvis +   i - +1 short sword (venom)
rCold    . . .     Gourm    .   m - +0 buckler
rNeg     . . .     Faith    .   h - +0 leather armour
rPois    +         Spirit   .   (no helmet)
rElec    .         Reflect  .   (no cloak)
rCorr    .         Harm     .   (no gloves)
MR       .....                  (no barding)
Stlth    ++........             (no amulet)
HPRegen  0.12/turn              (no ring)
MPRegen  0.10/turn              (no ring)

@: very slightly contaminated, very slow
A: large, see invisible, deformed body, poison resistance, slowness 2, slow
metabolism 1, spit poison 1, AC +1
a: Spit Poison


You were on level 2 of the Dungeon.
You were not hungry.

You visited 1 branch of the dungeon, and saw 2 of its levels.

You collected 45 gold pieces.

Inventory:

Hand Weapons
 i - a +1 short sword of venom (weapon)
Missiles
 f - 57 stones
 l - 4 javelins (quivered)
Armour
 a - a +0 robe
 g - a +0 ring mail
 h - a +0 leather armour (worn)
 m - a +0 buckler (worn)
Scrolls
 b - a scroll of magic mapping {unknown}
 j - a scroll of fog {unknown}
 k - 2 scrolls of identify {unknown}
 n - 2 scrolls of noise {unknown}
 o - 2 scrolls of teleportation {unknown}
 r - a scroll of enchant weapon {unknown}
Potions
 d - a potion of mutation {unknown}
 e - 2 potions of curing {unknown}
 p - a potion of might {unknown}
 q - a potion of agility {unknown}
 s - a potion of degeneration {unknown}
Comestibles
 c - 4 rations
 t - 3 chunks of flesh


   Skills:
 + Level 0.4 Fighting
 + Level 0.1 Short Blades
 * Level 1.5 Armour
 + Level 1.7 Dodging
 - Level 3.0 Stealth
 * Level 0.7 Shields
 + Level 2.2 Spellcasting
 * Level 2.1 Conjurations
 * Level 5.3 Poison Magic


You had 4 spell levels left.
You knew the following spells:

 Your Spells              Type           Power        Failure   Level  Hunger
a - Sting                 Conj/Pois      ##..         8%          1    #......
b - Poisonous Vapours     Pois/Air       ##....       19%         2    ###....

Your spell library contained the following spells:

 Spells                   Type           Power        Failure   Level  Hunger
 Mephitic Cloud           Conj/Pois/Air  ##......     36%         3    ###....
 Olgreb's Toxic Radiance  Pois           ###.....     38%         4    #####..
 Venom Bolt               Conj/Pois      ##........   91%         5    ######.


Dungeon Overview and Level Annotations

Branches:
Dungeon (2/15)

Altars:

Annotations:
D:2 Sigmund


Innate Abilities, Weirdness & Mutations

You cannot wear boots.
Your serpentine skin is tough. (AC +1)
You have supernaturally acute eyesight. (SInv)
Armour fits poorly on your strangely shaped body.
Your system is resistant to poisons. (rPois)
You cover ground very slowly.
You have a slow metabolism.
You can spit poison.


Message History

Aim: Sigmund, wielding a +0 scythe and wearing a +0 robe (poisoned)
The sting hits Sigmund.
Sigmund looks even sicker.
Sigmund is lightly wounded.
You have got your breath back.
Sigmund points at you and mumbles some strange words.
The puff of flame hits you!
Okay, then.
Found 12 stones and a puce potion.
Sigmund closely misses you. Sigmund gestures at you while chanting.
The puff of flame hits you!
* * * LOW HITPOINT WARNING * * *
Sigmund points at you and mumbles some strange words.
You resist with some effort. Sigmund gestures at you while chanting.
The magic dart hits you.
* * * LOW HITPOINT WARNING * * *
Sigmund casts a spell at you. The magic dart hits you!
You die...

#......# . #......###. ..
#......#.. ... ... #........
.. ... .. #......#####.. ###.
.. #............#(!...< #.
#......##..#.#...#.. #.##
#.<@...##...........
..####...............#.#
#.##............#.#....
#<#..#.................
#.#.###....@.........#
###)..# #...†..........###
#...#####.#.........#....@
#######.#.##.............#..#
#
#.............÷......#.#.#.##


You could see Sigmund.

Vanquished Creatures
  A bullfrog (D:2)
  2 adders (D:2)
  A dart slug (D:2)
  A leopard gecko (D:2)
  A giant cockroach (D:1)
  2 goblins (D:1)
  3 hobgoblins
  2 jackals
  A quokka (D:2)
  3 bats
  5 frilled lizards
  8 kobolds
  3 rats
33 creatures vanquished.

Notes
Turn   | Place    | Note
-------+----------+-------------------------------------------
     0 | D:1      | Bronimir the Naga Venom Mage began the quest for the Orb.
     0 | D:1      | Reached XP level 1. HP: 15/15 MP: 3/3
   124 | D:1      | Reached XP level 2. HP: 20/22 MP: 0/5
   150 | D:1      | Learned a level 2 spell: Poisonous Vapours
  1303 | D:2      | Reached XP level 3. HP: 13/28 MP: 0/6
  1551 | D:2      | Noticed a bullfrog
  1559 | D:2      | Killed a bullfrog
  1559 | D:2      | Reached skill level 1 in Armour
  1559 | D:2      | Reached skill level 5 in Poison Magic
  1559 | D:2      | Reached XP level 4. HP: 28/36 MP: 4/7
  1634 | D:2      | Noticed Sigmund
  2062 | D:2      | Killed from afar by Sigmund

Levels and vault maps discovered:
D:1:      erik_arrival_blinker_ship, layout_loops_corners, item_on_display_a
D:2:      layout_rooms, nicolae_overflow_crystal_walls, minmay_misc_feat_square,
          minmay_increasing_density, uniq_sigmund

Skill      XL: |  1  2  3 |
---------------+----------+-----
Armour         | 1 |  1.5
Conjurations   | 2 |  2.1
Poison Magic   | 5 |  5.3
Fighting       | |  0.4
Short Blades   | |  0.1
Dodging        | |  1.7
Stealth        | |  3.0
Shields        | |  0.7
Spellcasting   | |  2.2

Action                   |  1- 3 |  4- 6 || total
-------------------------+-------+-------++-------
Melee: Short sword       |    10 |     8 ||    18
       Unarmed           |     4 |       ||     4
 Cast: Sting             |    29 |    17 ||    46
       Poisonous Vapours |     2 |     6 ||     8
 Abil: Spit Poison       |    10 |     5 ||    15
  Eat: Chunk             |     2 |     2 ||     4
Armor: Leather armour    |     4 |     6 ||    10
Dodge: Dodged            |    18 |    19 ||    37
Block: Buckler           |     1 |     5 ||     6
